 Dungeon Crawl Stone Soup version 0.31.0-1-g2c135a0 (webtiles) character file.

Game seed: 8623274337658733775

153 AbelJuno the Trooper (level 5, -4/57 HPs)
             Began as an Oni Berserker on Mar 27, 2024.
             Was a Believer of Trog.
             Shot with an arrow by an orc warrior (13 damage)
             ... on level 5 of the Dungeon.
             The game lasted 00:05:39 (525 turns).

AbelJuno the Trooper (Oni Berserker)                 Turns: 525, Time: 00:05:40

Health: -4/57      AC:  7    Str: 23    XL:     5   Next: 35%
Magic:  5/5        EV: 10    Int:  8    God:    Trog [**....]
Gold:   10         SH:  0    Dex:  8    Spells: 4/4 levels left

rFire   . . .        a - +0 hand axe
rCold   . . .        (no shield)
rNeg    . . .        b - +0 animal skin
rPois   .            (helmet restricted)
rElec   .            (no cloak)
rCorr   .            (gloves unavailable)
SInv    .            (boots unavailable)
Will    .....        (no amulet)
Stlth   +            d - +4 ring of protection
HPRegen 0.29/turn    (no ring)
MPRegen 0.09/turn

%: no passive effects
@: no status effects
A: large, unfitting armour, horns 1, tough skin 1, double potion healing,
drunken brawling
a: Renounce Religion, Berserk, Trog's Hand


You were on level 5 of the Dungeon.
You worshipped Trog.
Trog was pleased with you.
You visited 1 branch of the dungeon, and saw 5 of its levels.

You collected 10 gold pieces.

Inventory:

Hand Weapons
 a - a +0 hand axe (weapon)
Armour
 b - a +0 animal skin (worn)
 c - a +0 scale mail
 f - a +0 scale mail
 i - a +0 leather armour
Jewellery
 d - a +4 ring of protection (left hand)
 e - an amulet of guardian spirit
Scrolls
 h - a scroll of teleportation {unknown}
Potions
 g - a potion of brilliance {unknown}


   Skills:
 + Level 5.0 Fighting
 + Level 4.6 Axes
 + Level 3.6 Dodging
 + Level 0.1 Stealth


You had 4 spell levels left.
You didn't know any spells.
Your spell library was empty.

Dungeon Overview and Level Annotations

Branches:
Dungeon (5/15)
 Temple: D:4-7

Altars:

Shops:
D:3 ([


Innate Abilities, Weirdness & Mutations

You are too large for most types of armour.
You have a pair of small horns on your head.
You have tough skin. (AC +1)
You gain doubled healing and magic from potions.
Whenever you drink a healing potion, you attack all around you.


Message History

a +0 spear; a gnoll corpse An orc comes into view.
It is wielding a +0 dagger.
The orc shouts!
The orc misses you. The orc attacks as it pursues you!
The orc barely misses you.
You slash the orc!
You kill the orc!
Trog accepts your kill.
An orc comes into view. It is wielding a +0 hand axe.
Things that are here:
a +0 dagger; an orc corpse The orc shouts!
You hit the orc.
The orc is moderately wounded.
You hear a shout!
The orc hits you with a +0 hand axe.
You hit the orc but do no damage.
The orc is moderately wounded.
The orc hits you with a +0 hand axe.
You closely miss the orc. Your headbutt misses the orc.
The orc is moderately wounded.
An orc warrior and an orc priest come into view.
The orc warrior shouts!
The orc priest shouts!
The orc warrior closely misses you. The orc completely misses you.
You hit the orc but do no damage. Your headbutt misses the orc.
The orc is moderately wounded.
You closely miss the orc warrior. The orc hits you but does no damage.
The orc warrior hits you with a +0 scimitar!
The orc hits you with a +0 hand axe.
You slash the orc!
You kill the orc!
Trog accepts your kill.
You hit the orc warrior but do no damage.
You hit the orc priest.
The orc warrior hits you with a +0 scimitar!
* * * LOW HITPOINT WARNING * * *
The orc priest casts a cantrip, but nothing happens.
The orc warrior unwields a +0 scimitar.
The orc warrior wields a +0 orcbow.
The orc warrior shoots an arrow.
The arrow hits you!
You die...

#.##.
#.
#.#..
#.#.#
#.#.#
#.#.#
#...#
##..#
##.#
#@#
#.###
#)o.#
#)#o#
#.#..#
#.##...
#.#
#..#
#.#
#...
...
....


You could see an orc warrior and an orc priest.

Vanquished Creatures
  A scorpion (D:5)
  A gnoll bouda (D:5)
  3 gnolls (D:5)
  An adder (D:2)
  A ribbon worm (D:2)
  2 dart slugs (D:2)
  2 orcs (D:5)
  3 endoplasms (D:2)
  A hobgoblin (D:2)
  2 quokkas
  2 ball pythons
  3 frilled lizards
  A goblin (D:2)
  A kobold (D:2)
  A rat (D:3)
25 creatures vanquished.

Notes
Turn   | Place    | Note
-------+----------+-------------------------------------------
     0 | D:1      | AbelJuno the Oni Berserker began the quest for the Orb.
     0 | D:1      | Reached XP level 1. HP: 24/24 MP: 1/1
    76 | D:2      | Reached XP level 2. HP: 16/32 MP: 2/2
   162 | D:2      | Reached XP level 3. HP: 17/40 MP: 3/3
   203 | D:3      | Found Waose's Weapon Shoppe.
   240 | D:3      | Found Lorul's Antique Armour Emporium.
   401 | D:5      | Entered Level 5 of the Dungeon
   401 | D:5      | Noticed a scorpion
   411 | D:5      | Killed a scorpion
   412 | D:5      | Reached XP level 4. HP: 49/49 MP: 4/4
   470 | D:5      | Reached XP level 5. HP: 54/55 MP: 5/5
   477 | D:5      | Reached ** piety under Trog
   490 | D:5      | Reached skill level 5 in Fighting
   521 | D:5      | Noticed an orc warrior
   525 | D:5      | Shot with an arrow by an orc warrior

Illustrated notes

Levels and vault maps discovered:
D:1:      grunt_arrival_lava_bath, layout_basic, nrook_mini_vaults
D:2:      layout_basic
D:3:      layout_loops_ring, serial_shops, nicolae_shop_bloodbath_and_beyond,
          shop
D:4:      minmay_angry_zag, layout_loops_ring, minmay_temple_entry_stoned_glass,
          serial_shops, shop, serial_forest, infiniplex_forest_corner_2,
          infiniplex_forest_clump_double, infiniplex_forest_clump_curved,
          infiniplex_forest_straight_2, infiniplex_forest_end_3,
          infiniplex_forest_clump_small, nicolae_elemental_shop,
          dk_noncrumbling_3
D:5:      layout_rooms, serial_shops, nicolae_shop_crystal, uniq_blork_the_orc

Skill      XL: |  1  2  3  4  5 |
---------------+----------------+-----
Dodging        | 3 |  3.6
Axes           | 4 |  4.6
Fighting       | 5 |  5.0
Stealth        | |  0.1

Action                     |  1- 3 |  4- 6 || total
---------------------------+-------+-------++-------
  Melee: Hand axe          |    59 |    39 ||    98
         Headbutt          |    10 |     3 ||    13
         Punch             |       |     1 ||     1
 Armour: Animal skin       |    37 |    22 ||    59
  Dodge: Dodged            |    32 |    22 ||    54
